Get step-by-step instructions on how to execute this build order below. Start the game timer, and the build order will tick by so you can play in parallel with StarCraft on a second screen or mobile device.

Game Time

  0:00

Last Step

  N/A

Next Step

Upcoming Step



Don't want to look back and forth between 2 screens? Try out our Overwolf App, the Spawning Tool Build Advisor to get an in-game overlay with this build!

Complete Build Order

  12  0:00  Probe  
  13  0:13  Probe  
  14  0:17  Pylon  
  14  0:24  Probe  
  15  0:32  Probe  
  15  0:39  Gateway  
  15  0:40  Probe  
  16  0:46  Assimilator  
  17  0:51  Probe  
  18  1:03  Probe  
  19  1:15  Probe  
  20  1:30  Nexus  
  20  1:36  Cybernetics Core  
  20  1:41  Probe, Assimilator  
  21  1:53  Probe  
  22  1:54  Pylon  
  22  2:03  Stalker  
  22  2:05  Probe  
  23  2:14  Warp Gate  
  24  2:23  Twilight Council  
  24  2:25  Probe  
  25  2:33  Stalker  
  27  2:37  Probe  
  27  2:43  Probe  
  29  2:44  Pylon  
  29  2:47  Probe  
  30  2:51  Probe  
  30  2:55  Probe  
  31  2:59  Probe  
  31  3:01  Charge  
  33  3:13  Robotics Facility  
  33  3:18  Probe x2  
  35  3:24  Gateway  
  35  3:25  Gateway  
  35  3:30  Probe  
  36  3:45  Probe x2  
  40  3:50  Warp Prism, Gateway  
  40  3:53  Gateway  
  40  3:54  Gateway  
  40  4:06  Stalker  
  40  4:09  Gateway  
  42  4:25  Sentry  
  44  4:36  Pylon  
  44  4:39  Pylon  
  44  4:42  Pylon  
  44  4:58  Zealot x5  
  44  4:59  Zealot  
  56  5:07  Zealot  
  56  5:19  Zealot x3  
  56  5:20  Zealot x3  
  46  5:40  Zealot x3  
  46  5:41  Zealot x4  
  54  5:57  Warp Prism  
  56  6:05  Probe x2  
  56  6:06  Zealot x3  
  56  6:07  Zealot x4  
  56  6:10  Nexus  
  72  6:15  Assimilator  
  72  6:17  Probe x2, Assimilator  
  74  6:25  Nexus  
  74  6:28  Sentry x2  
  78  6:33  Pylon  
  78  6:35  Pylon  
  78  6:51  Probe  
  79  6:56  Zealot x6  
  79  6:57  Zealot  
  93  7:04  Observer  
  74  7:26  Stalker x3  
  73  7:43  Zealot x4